AoeStats
← Eugenius

Arena

510192850Analyzed
4v4 RM · 1d ago on Sep 29, 2026· 18m 4s· 8 players
Game mode
Random Map
Map size
Large (8 player)
Population
200
Speed
Normal
Resources
Standard
Victory
Conquest
Starting age
Dark Age
Ending age
Imperial Age
RankedLock teamsTeams togetherTeam positionsShared explorationLock speedFull tech treeHidden civsTurbo modeCheats
Victory
Defeat
🇺🇸 Italians · United States
1706
+14
🇵🇪 Gurjaras · Peru
1695
+15
🇨🇳 Celts · China
1606
+18
🇲🇽 Khmer · Mexico
1568
+21
🇦🇷 Persians · Argentina
1698
-18
🇦🇷 Italians · Argentina
1693
-18
🇦🇷 Danes · Argentina
1656
-17
🇦🇷 Cumans · Argentina
1610
-15
quesarito
7:49 Feudal Age
8:21 Double-Bit Axe
12:36 Fletching
14:52 Loom
18:16 Padded Archer Armor
VX | Anubis
8:30 Feudal Age
9:00 Double-Bit Axe
8:57 Horse Collar
13:44 Bloodlines
14:39 Forging
14:56 Scale Barding Armor
16:57 Loom
17:51 Forging
Eugenius
10:35 Feudal Age
10:28 Loom
14:34 Castle Age
Bz_青红
10:06 Feudal Age
9:14 Loom
14:21 Castle Age
12:48 Double-Bit Axe
[Ne0] Javier Milei
5:55 Loom
8:29 Feudal Age
9:26 Double-Bit Axe
15:50 Horse Collar
[Ne0] Fidel Castro
6:39 Loom
8:30 Feudal Age
8:58 Double-Bit Axe
11:42 Loom
13:08 Town Watch
18:09 Fletching
[Ne0] Nicolas del Caño
9:07 Feudal Age
13:47 Castle Age
12:18 Double-Bit Axe
12:46 Horse Collar
[Ne0] Carlos Menem
5:36 Loom
8:24 Feudal Age
9:39 Double-Bit Axe
10:48 Horse Collar
13:06 Fletching
Connection lost

Rejoining the realm…

Still unreachable

The connection could not be restored.

Session expired

The server has moved on; the page needs a fresh start.